Map: Frozen Temple

Players

maddog - Winner!

  • Race: Terran Terran
  • League: Gold

capac

  • Race: Terran Terran
  • League: Gold

VOD

Have the link to the VOD?

Description

Time

  • Played on: May 2, 2016, 1:50 p.m.
  • Length: 17:14
Show
View Real Time Build Order
Export as new Build Order

maddog Terran - Winner!

Build Orders: MMM Bio 

Get SALT Encoding   

  12  0:01  SCV  
  13  0:13  SCV  
  14  0:18  Supply Depot  
  14  0:25  SCV  
  15  0:39  SCV  
  15  0:41  Barracks  
  16  0:49  Refinery  
  16  0:52  SCV  
  17  1:02  Supply Depot  
  17  1:04  SCV  
  18  1:16  SCV  
  18  1:33  Barracks  
  18  1:36  Barracks  
  18  1:39  Reaper  
  20  1:51  Orbital Command  
  19  2:00  Refinery  
  19  2:11  Reaper  
  20  2:17  SCV  
  20  2:22  Supply Depot  
  21  2:23  Reaper  
  21  2:26  Reaper  
  23  2:41  SCV  
  24  2:53  SCV  
  25  2:59  Factory  
  25  3:09  Command Center  
  25  3:16  Barracks Tech Lab  
  25  3:17  Barracks Reactor  
  25  3:25  Barracks Reactor  
  25  3:42  Marauder  
  25  3:46  SCV  
  28  3:51  Supply Depot  
  28  3:58  SCV  
  29  4:03  Marauder  
  31  4:21  Marine x4  
  33  4:34  Marine  
  34  4:39  Marine x2  
  34  4:40  SCV  
  34  4:41  SCV  
  38  4:53  SCV x2  
  39  5:03  Factory Tech Lab  
  39  5:04  Marine  
  39  5:05  Marauder, SCV x2  
  43  5:18  Marine  
  43  5:19  Marine  
  43  5:21  Starport  
  45  5:25  Orbital Command  
  45  5:26  Marauder  
  45  5:27  SCV  
  48  5:34  Marine x2  
  50  5:36  Marine x2  
  50  5:39  SCV  
  50  5:41  Liberator, Siege Tank  
  56  5:47  Refinery, Marauder  
  56  5:49  Refinery  
  58  5:50  Supply Depot  
  58  5:51  SCV  
  62  6:04  Stimpack  
  62  6:10  Supply Depot  
  62  6:12  Marine x3  
  62  6:15  Engineering Bay, Marine  
  62  6:16  Marine  
  67  6:23  SCV x2  
  69  6:33  Siege Tank  
  69  6:35  SCV x2  
  69  6:36  Barracks  
  74  6:41  Starport Reactor  
  74  6:45  Marine x2  
  74  6:46  Marine x2  
  78  6:52  Supply Depot  
  78  6:57  Missile Turret  
  78  7:00  Missile Turret  
  78  7:13  Marine x5  
  83  7:17  Siege Tank  
  86  7:50  Supply Depot  
  86  7:52  Barracks Reactor  
  86  7:56  Supply Depot  
  86  7:58  Supply Depot  
  86  8:10  Marine x2, SCV  
  86  8:11  Marine, Siege Tank, Medivac x2  
  94  8:17  Marine x2  
  96  8:23  Supply Depot  
  96  8:24  Terran Infantry Weapons Level 1  
  96  8:25  Combat Shields  
  96  8:27  Marine  
  97  8:35  Marine  
  97  8:36  Marine x2  
  97  8:37  Marine x3  
  103  8:41  Medivac x2  
  107  8:49  SCV  
  107  8:53  SCV  
  109  9:01  SCV  
  109  9:02  Marine x4  
  112  9:06  SCV  
  115  9:11  Medivac  
  117  9:20  Supply Depot  
  117  9:22  Supply Depot  
  117  9:24  Supply Depot  
  117  9:25  Marine  
  118  9:41  Marine x2, Siege Tank  
  123  9:47  Marauder, Marine x4  
  123  9:49  Concussive Shells  
  129  9:54  Medivac x2  
  129  9:59  Marine x2  
  135  10:01  SCV  
  135  10:02  SCV  
  137  10:07  Liberator  
  137  10:09  Marauder  
  142  10:33  Viking  
  142  10:34  Marine x5  
  142  10:51  Marine x3  
  142  10:53  Marine  
  142  11:03  Viking  
  131  11:07  Viking  
  131  11:09  Siege Tank  
  131  11:10  Marauder, Marine x3  
  131  11:11  Marine x3  
  126  11:28  Marine x4  
  126  11:29  Marine  
  126  11:32  Marauder, Marine  
  133  11:33  Viking  
  133  11:39  SCV x2  
  138  11:41  Siege Tank  
  138  11:45  Command Center  
  138  11:46  Marine  
  142  11:58  Supply Depot  
  142  12:00  Terran Infantry Armor Level 1  
  142  12:01  Supply Depot  
  142  12:02  Supply Depot  
  142  12:05  Liberator x2  
  142  12:19  Marauder, Marine x4, SCV x2  
  142  12:22  Marine x2  
  152  12:27  Siege Tank  
  161  12:31  SCV  
  161  12:37  Marine x2  
  162  13:05  Medivac  
  162  13:09  Marauder, Marine x6  
  172  13:27  Marine x3  
  163  13:30  Marauder  
  163  13:31  Marine x3  
  171  13:40  Orbital Command  
  151  13:44  Marine  
  151  13:45  Marine x2  
  154  13:49  Marine  
  154  13:51  Armory  
  154  13:52  Marauder  
  154  13:55  Engineering Bay  
  157  13:56  Supply Depot  
  157  13:59  Supply Depot  
  157  14:03  Medivac  
  159  14:21  Refinery  
  159  14:22  Refinery  
  101  15:51  Marine x4  
  102  16:00  Marauder, Marine x2  
  102  16:01  Medivac x2  
  102  16:03  Siege Tank  
  113  16:08  Marine  
  113  16:09  Marine x3  
  117  16:17  Marine  
  117  16:18  Marine  
  115  16:21  Marauder  
  112  16:26  Marine  
  112  16:27  Marine  
  112  16:28  Marine  
  112  16:31  Medivac  
  117  16:37  Marine  
  117  16:42  Marauder  
Show
View Real Time Build Order
Export as new Build Order

capac Terran 

Build Orders: Reaper Expand 

Get SALT Encoding   

  12  0:00  SCV  
  13  0:12  SCV  
  14  0:18  Supply Depot  
  14  0:25  SCV  
  15  0:40  SCV  
  15  0:42  Barracks  
  16  0:48  Refinery  
  16  0:52  SCV  
  17  1:04  SCV  
  18  1:18  SCV  
  19  1:32  Orbital Command  
  19  1:33  Reaper  
  20  1:44  Command Center  
  20  1:58  Supply Depot  
  20  1:59  SCV  
  21  2:05  Marine  
  22  2:12  Factory, SCV  
  23  2:17  Refinery  
  23  2:26  Barracks  
  23  2:49  Marine  
  23  2:51  SCV  
  25  2:58  Bunker  
  25  3:14  Marine  
  25  3:15  Factory Tech Lab  
  25  3:18  Starport  
  26  3:21  Barracks Reactor  
  22  3:42  Siege Tank  
  22  3:48  Bunker  
  25  3:51  Marine  
  26  3:58  Bunker  
  26  4:00  Marine  
  26  4:01  Marine  
  27  4:08  Marine  
  23  4:32  Siege Tank  
  23  4:34  Marine x2  
  28  4:39  SCV  
  29  5:06  SCV x2  
  31  5:18  SCV  
  33  5:25  Orbital Command  
  32  5:34  SCV  
  33  5:47  Marine x2  
  35  5:52  SCV x2  
  35  5:54  Refinery  
  37  6:07  Medivac  
  37  6:11  Barracks Tech Lab  
  39  6:17  SCV  
  39  6:18  SCV  
  41  6:30  SCV x2  
  43  6:45  Starport Reactor  
  43  6:46  Marine x2  
  45  6:47  SCV  
  45  6:49  Stimpack  
  46  6:55  Command Center  
  46  6:59  Barracks  
  46  7:01  Barracks  
  46  7:03  Engineering Bay  
  46  7:16  Marine  
  46  7:17  Supply Depot  
  46  7:18  SCV  
  46  7:19  SCV  
  46  7:20  Marine  
  46  7:37  Missile Turret  
  46  7:39  Viking, Marine, Siege Tank, SCV  
  51  8:12  Orbital Command  
  48  8:15  Viking  
  50  8:21  SCV x2  
  52  8:33  SCV  
  52  8:34  Barracks Reactor x2  
  53  8:38  SCV  
  54  8:42  Marine  
  54  8:43  Marine x2  
  54  8:45  SCV  
  58  8:52  Viking x2  
  62  8:59  SCV x2  
  64  9:06  Missile Turret  
  64  9:09  Marine x2  
  65  9:10  Marine x3  
  69  9:24  Supply Depot  
  69  9:26  Supply Depot  
  69  9:40  Marine, Siege Tank, SCV x3  
  76  9:45  Supply Depot  
  76  9:50  Supply Depot  
  76  9:52  SCV x3  
  79  9:58  Refinery  
  79  10:04  SCV x3  
  79  10:05  Marine x4  
  86  10:10  Supply Depot  
  84  10:39  Siege Tank  
  84  10:40  Marauder  
  84  10:41  Medivac  
  84  10:42  Medivac  
  90  11:02  Marauder  
  92  11:08  Marine x4  
  92  11:09  Marine  
  90  11:21  Marine  
  90  11:23  Marine  
  92  11:26  Marine  
  93  11:42  Refinery  
  93  11:50  Medivac x2  
  97  12:05  Marine  
  97  12:06  Marine x3  
  101  12:15  Starport  
  101  12:44  Liberator  
  101  12:45  Liberator  
  101  12:55  Starport Reactor  
  101  12:57  Marine  
  101  12:58  Marauder, Marine x2  
  101  13:00  Marine x2  
  101  13:01  Marine  
  91  13:35  Orbital Command  
  91  14:06  Combat Shields  
  91  14:14  Marine x3  
  91  14:15  Supply Depot  
  94  14:21  Command Center  
  94  14:32  Marine x3  
  94  14:36  Marine x2  
  94  14:37  Marauder, Siege Tank  
  101  14:40  Marine  
  96  14:50  Marine x3  
  92  14:54  Marine x2  
  92  14:58  Marine x2  
  94  15:08  Marine x2  
  88  15:18  Viking x4  
  88  15:49  Marine  
  47  15:50  Marine x6  
  44  16:04  Viking x2  
  44  16:05  Viking  
  44  16:07  Marine  
  44  16:08  Marine x2  
  44  16:09  Marine x3  
  36  16:27  Marine  
  36  16:28  Marine x2  
  36  16:29  Siege Tank  
  38  16:38  Marine x2  
Tags
 
Composition
MMM Bio
League
GoldGold
Matchup
TvT
Race
Terran
Add a new tag
Caveats
  • Supply blocks, unpowered buildings, or Contaminate may cause inaccurate times.
  • Supply counts are checked every 10 seconds.